 Dungeon Crawl Stone Soup version 0.19-a0-1361-g42bf4bf (webtiles) character file.

1496 IcyTea the Slicer (level 9, 0/48 HPs)
             Began as a Kobold Artificer on Sept 2, 2016.
             Slain by an unseen horror (7 damage)
             ... on level 6 of the Dungeon.
             The game lasted 00:38:10 (9487 turns).

IcyTea the Slicer (Kobold Artificer)                Turns: 9487, Time: 00:38:11

Health: 0/48       AC:  9    Str: 14    XL:     9   Next: 8%
Magic:  13/13      EV: 15    Int: 10    God:
Gold:   49         SH:  0    Dex: 18    Spells: 0 memorised, 8 levels left

rFire  + . .     SeeInvis .     a - +0 rapier
rCold  . . .     Gourm    .     D - +1 ring mail {rF+}
rNeg   . . .     Faith    .     (shield restricted)
rPois  .         Spirit   .     q - +0 helmet
rElec  .         Dismiss  .     (no cloak)
rCorr  .         Reflect  .     A - +0 pair of gloves
MR     .....     Harm     .     n - +0 pair of boots
Stlth  +++.......               (no amulet)
                                w - ring of flight
                                p - +3 ring of strength

@: no status effects
A: blurry vision 1, carnivore 3
a: Evoke Flight


You were on level 6 of the Dungeon.
You were full.

You visited 1 branch of the dungeon, and saw 6 of its levels.
You also visited: Sewer.

You collected 387 gold pieces.
You spent 338 gold pieces at shops.

Inventory:

Hand Weapons
 a - a +0 rapier (weapon)
 b - a +1 blowgun
Missiles
 v - 17 poisoned needles
Armour
 n - a +0 pair of boots (worn)
 q - a +0 helmet (worn)
 A - a +0 pair of gloves (worn)
 D - a +1 ring mail of fire resistance (worn)
Jewellery
 p - a +3 ring of strength (left hand)
 w - a ring of flight (right hand)
Wands
 c - a wand of flame (20/48)
 d - a wand of enslavement (7/24)
 e - a wand of random effects (0/48)
 C - a wand of paralysis (8/24)
Scrolls
 i - 4 scrolls of teleportation
 j - 4 scrolls of identify
 s - 2 scrolls of amnesia
 y - a scroll of remove curse
Potions
 h - a potion of agility {unknown}
 l - 3 potions of flight
 m - 6 potions of curing
 o - 2 potions of lignification
 t - a potion of beneficial mutation {unknown}
 x - a potion of haste
 z - a potion of brilliance {unknown}
 B - a potion of might {unknown}
Comestibles
 f - 5 meat rations
 r - 2 beef jerkies


   Skills:
 - Level 2.2 Fighting
 + Level 10.7 Short Blades
 - Level 2.1 Throwing
 - Level 3.4 Dodging
 - Level 5.1 Stealth
 - Level 6.2 Evocations


You had 8 spell levels left.
You didn't know any spells.

Dungeon Overview and Level Annotations

Branches:
Dungeon (6/15)
 Temple: D:4-7

Altars:
Ashenzari
Kikubaaqudgha
Ru
Trog
Uskayaw
Vehumet
Beogh

Shops:
D:4 !   D:6 [


Innate Abilities, Weirdness & Mutations

You are small and have problems with some larger weapons.
You are carnivorous and can eat meat at any time.
Scrolls take you a little longer to read.


Message History

* * * LOW HITPOINT WARNING * * *
You miss something. Something hits you.
* * * LOW HITPOINT WARNING * * *
Something barely misses you.
You hit something. Something hits you.
* * * LOW HITPOINT WARNING * * *
You feel much better.
Something hits you but does no damage. x2
You hit something but do no damage. Something hits you.
You swing at nothing.
Something hits you.
* * * LOW HITPOINT WARNING * * *
You miss something. Something hits you but does no damage.
You swing at nothing.
Something hits you but does no damage.
You swing at nothing.
Something hits you.
* * * LOW HITPOINT WARNING * * *
You hit something. Something completely misses you.
You closely miss something. Something hits you.
* * * LOW HITPOINT WARNING * * *
Something hits you but does no damage.
You hit something. Something barely misses you. Something hits you!
You die...

##### ##...##
##.###.## ##.##
##.##
################.##
##.#
........(........#
#.#
........########@##
##.# ..##.##.#
##{## ##.##
..##.##.# ##.###.##
..##.##.## ##...##
..##.....# ##.##
.........# #.#
.......>.# #..
..###....# ....
#.......... #####


There were no monsters in sight!

Vanquished Creatures
  Eustachio (D:5)
  A sky beast (D:6)
  An ice beast (D:6)
  An ogre (D:4)
  A phantom (D:5)
  A centaur (D:5)
  A giant frog (D:5)
  A scorpion (D:4)
  2 howler monkeys
  A giant frog zombie (D:6)
  A centaur zombie (D:6)
  3 hounds
  2 jellies (D:5)
  An orc priest (D:3)
  An orc wizard (D:4)
  An iguana (D:5)
  2 giant frog skeletons
  3 worker ants (D:4)
  Robin (D:2)
  2 worker ant zombies
  A gnoll (D:3)
  2 river rats (Sewer)
  9 adders
  A shadow imp (D:6)
  5 oozes
  2 worms
  2 dart slugs (D:2)
  6 giant geckos
  8 orcs
  5 giant cockroaches
  15 goblins
  7 hobgoblins
  4 jackals
  2 quokkas
  5 ball pythons
  9 bats
  A giant cockroach zombie (D:5)
  A giant gecko skeleton (D:5)
  8 giant newts
  15 kobolds
  A quokka skeleton (D:5)
  A quokka zombie (D:5)
  11 rats
149 creatures vanquished.

Vanquished Creatures (collateral kills)
  A gnoll (D:3)
  3 goblins (D:2)
4 creatures vanquished.

Vanquished Creatures (others)
  An orc wizard (D:4)
  Natasha (D:3)
  An iguana (D:4)
  A worker ant (D:4)
  An orc (D:3)
5 creatures vanquished.

Grand Total: 158 creatures vanquished

Notes
Turn   | Place    | Note
-------+----------+-------------------------------------------
     0 | D:1      | IcyTea the Kobold Artificer began the quest for the Orb.
     0 | D:1      | Reached XP level 1. HP: 12/12 MP: 3/3
   126 | D:1      | Reached skill level 2 in Short Blades
   165 | D:1      | Reached XP level 2. HP: 16/16 MP: 4/4
   375 | D:1      | Reached skill level 3 in Short Blades
   779 | D:1      | Reached XP level 3. HP: 18/20 MP: 5/5
  1247 | D:2      | Reached skill level 4 in Short Blades
  1569 | D:2      | Found a bloodstained altar of Trog.
  1761 | D:2      | Reached XP level 4. HP: 20/25 MP: 6/6
  1975 | D:2      | Reached skill level 5 in Short Blades
  2031 | D:2      | Found a radiant altar of Vehumet.
  2421 | D:3      | Found a sacrificial altar of Ru.
  2810 | D:3      | Reached XP level 5. HP: 29/29 MP: 7/7
  2952 | D:3      | Reached skill level 6 in Short Blades
  3052 | D:3      | Noticed Robin
  3081 | D:2      | Killed Robin
  3295 | D:3      | Found a roughly hewn altar of Beogh.
  3808 | D:3      | Noticed Natasha
  3821 | D:3      | Killed Natasha
  3821 | D:3      | Reached XP level 6. HP: 20/34 MP: 8/8
  4035 | D:3      | You fall through a shaft!
  4035 | D:4      | Found Justefo's Distillery.
  4046 | D:4      | Bought 2 potions of degeneration for 28 gold pieces
  4046 | D:4      | Bought a potion of heal wounds for 70 gold pieces
  4391 | D:4      | Found an ancient bone altar of Kikubaaqudgha.
  5398 | D:4      | Reached skill level 7 in Short Blades
  5398 | D:4      | Reached XP level 7. HP: 40/40 MP: 10/10
  5868 | D:4      | Reached skill level 8 in Short Blades
  6598 | D:5      | Entered Level 5 of the Dungeon
  6677 | D:5      | Reached skill level 9 in Short Blades
  6803 | D:5      | Reached XP level 8. HP: 44/44 MP: 11/11
  6880 | D:5      | Found a shattered altar of Ashenzari.
  6927 | D:5      | Found a glowing drain.
  6964 | Sewer    | Entered a sewer
  7530 | Sewer    | Reached skill level 5 in Stealth
  8111 | D:5      | Reached skill level 5 in Evocations
  8577 | D:5      | Noticed Eustachio
  8589 | D:5      | Found a hide-covered altar of Uskayaw.
  8623 | D:5      | Killed Eustachio
  8909 | D:6      | Gained mutation: Scrolls take you a little longer to read. [mutagenic meat]
  8975 | D:6      | Reached skill level 10 in Short Blades
  8989 | D:6      | Reached XP level 9. HP: 13/48 MP: 13/13
  9317 | D:6      | Found Plog's Armour Boutique.
  9327 | D:6      | Bought a +1 ring mail of fire resistance for 240 gold pieces
  9487 | D:6      | Slain by an unseen horror

Vault maps used:
D:1:      ncdulo_wetmaze, minmay_tetromino_l2
D:2:      lemuel_doored_altar, vehumet_crystals
D:3:      lemuel_round_altar, lemuel_coloured_pillars_altar,
          kennysheep_orc_chapel, uniq_robin, uniq_natasha
D:4:      old_standard_altar, minmay_shop_grid_forest,
          kennysheep_generic_room_12
D:5:      kennysheep_mini_moat, old_standard_altar, first_bread,
          portal_sewer_entry_f, uniq_eustachio
D:6:      serial_shops, shop, minmay_checkerbox
Sewer:    sewer_co_15_rooms

Skill      XL: |  1  2  3  4  5  6  7  8 |
---------------+-------------------------+-----
Short Blades   | 2 3 4 5 6 7 9 10 | 10.7
Stealth        | 4 5 |  5.1
Fighting       | 2 |  2.2
Evocations     | 4 6 |  6.2
Dodging        | 3 |  3.4
Throwing       | 2 |  2.1

Action                   |  1- 3 |  4- 6 |  7- 9 || total
-------------------------+-------+-------+-------++-------
Melee: Short sword       |   140 |   265 |   359 ||   764
       Rapier            |       |       |    58 ||    58
 Fire: Blowgun           |       |       |    17 ||    17
Evoke: Wand              |     4 |    22 |    10 ||    36
  Use: Scroll            |     1 |     3 |     7 ||    11
       Potion            |     1 |     2 |     8 ||    11
 Stab: Sleeping          |     2 |     7 |     8 ||    17
       Paralysed         |     1 |     1 |       ||     2
       Distracted        |       |     1 |       ||     1
       Betrayed ally     |       |     1 |       ||     1
  Eat: Chunk             |     9 |    14 |    10 ||    33
Armor: Leather armour    |    18 |    58 |    33 ||   109
       Skin              |       |     4 |       ||     4
       Ring mail         |       |       |    13 ||    13
Dodge: Dodged            |   107 |   206 |   208 ||   521
